 Dungeon Crawl Stone Soup version 0.31-a0-1019-g3dd9dd1025 (webtiles) character file.

Game seed: 5140629582563210654

15060 ChronoRanger the Spear-Bearer (level 11, -6/104 HPs)
             Began as a Minotaur Fighter on Nov 17, 2023.
             Was a Priest of the Shining One.
             Mangled by a skyshark (18 damage)
             ... on level 4 of the Lair of Beasts.
             The game lasted 00:23:18 (11646 turns).

ChronoRanger the Spear-Bearer (Minotaur Fighter)   Turns: 11646, Time: 00:23:19

Health: -6/104     AC: 20    Str: 26    XL:     11   Next: 96%
Magic:  0/10       EV:  7    Int:  5    God:    the Shining One [***...]
Gold:   740        SH:  6    Dex:  9    Spells: 10/10 levels left

rFire   . . .        b - +1 trident (venom)
rCold   . . .        c - +0 buckler
rNeg    + . .        q - +1 plate armour
rPois   +            (helmet restricted)
rElec   .            (no cloak)
rCorr   .            (no gloves)
SInv    .            (no boots)
Will    .....        h - amulet of guardian spirit Stlth
                     n - ring of poison resistance
HPRegen 0.37/turn    d - +4 ring of protection
MPRegen 0.12/turn

%: guardian spirit
@: glowing
A: horns 2, retaliatory headbutt
a: Renounce Religion, Divine Shield, Cleansing Flame


You were on level 4 of the Lair of Beasts.
You worshipped the Shining One.
The Shining One was most pleased with you.
You visited 3 branches of the dungeon, and saw 14 of its levels.

You collected 740 gold pieces.

Inventory:

Hand Weapons
 a - a +0 trident
 b - a +1 trident of venom (weapon)
 x - a +0 trident of venom
Missiles
 D - a throwing net
Armour
 c - a +0 buckler (worn)
 q - a +1 plate armour (worn)
Jewellery
 d - a +4 ring of protection (right hand)
 h - an amulet of guardian spirit (around neck)
 n - a ring of poison resistance (left hand)
 s - a ring of protection from fire
 w - a +5 ring of evasion
Wands
 t - a wand of polymorph (3)
 y - a wand of flame (18)
 B - a wand of charming (16)
Scrolls
 k - 5 scrolls of fog
 l - 2 scrolls of revelation
 p - 4 scrolls of enchant armour
 C - 2 scrolls of teleportation
 F - a scroll of blinking
 G - a scroll of acquirement {unknown}
Potions
 e - 2 potions of ambrosia
 f - 2 potions of haste {unknown}
 g - a potion of degeneration {unknown}
 i - 3 potions of brilliance {unknown}
 j - a potion of heal wounds {unknown}
 m - 5 potions of magic
 o - 2 potions of curing
 r - a potion of invisibility {unknown}
 u - 2 potions of enlightenment
 v - 4 potions of mutation
 z - a potion of cancellation {unknown}
 A - 2 potions of might
 E - a potion of lignification {unknown}


   Skills:
 * Level 11.9 Fighting
 - Level 14.0 Polearms
 + Level 11.3 Armour
 + Level 0.7 Dodging
 + Level 11.2 Shields


You had 10 spell levels left.
You didn't know any spells.
Your spell library contained the following spells:

 Spells                   Type           Power      Damage    Failure   Level
 Foxfire                  Conj/Fire      0%         2x1d4     99%         1
 Magic Dart               Conj           0%         1d3       99%         1
 Slow                     Hex            0%         N/A       99%         1
 Blink                    Tloc           0%         N/A       100%        2
 Sublimation of Blood     Necr           0%         N/A       100%        2
 Wereblood                Tmut           0%         N/A       100%        2
 Confusing Touch          Hex            0%         N/A       100%        3
 Frozen Ramparts          Ice            0%         1d1       100%        3
 Hailstorm                Conj/Ice       0%         3d3       100%        3
 Sigil of Binding         Hex            0%         N/A       100%        3
 Vampiric Draining        Necr           0%         2d6       100%        3
 Fulminant Prism          Conj/Hex       0%         3d5       100%        4
 Manifold Assault         Tloc           0%         N/A       100%        4
 Petrify                  Tmut/Erth      0%         N/A       100%        4
 Metabolic Englaciation   Hex/Ice        0%         N/A       100%        5
 Plasma Beam              Fire/Air       0%         2x1d10    100%        6
 Starburst                Conj/Fire      0%         6d3       100%        6
 Summon Hydra             Summ           0%         N/A       100%        7


Dungeon Overview and Level Annotations

Branches:
Dungeon (10/15)            Temple (1/1) D:7            Lair (4/5) D:9
    Orc (0/2) D:10
  Swamp: Lair:2-3    Shoals: Lair:2-3     Snake: Lair:2-3    Spider: Lair:2-3
  Slime: Lair:4-5

Altars:
Ashenzari
Cheibriados
Dithmenos
Elyvilon
Fedhas
Gozag
Hepliaklqana
Kikubaaqudgha
Makhleb
Nemelex Xobeh
Okawaru
Qazlal
Ru
Sif Muna
Trog
Uskayaw
Vehumet
Wu Jian
Xom
Yredelemnul
Zin
The Shining One

Shops:
D:3 (

Annotations:
D:5 2 runed translucent doors, tish's ghost, novice GnFi


Innate Abilities, Weirdness & Mutations

You have a pair of horns on your head.
You reflexively headbutt those who attack you in melee.


Message History

The skyshark bites you!!
The skyshark enters a blood-rage!
The skyshark tail-slaps you but does no damage.
The skyshark tail-slaps you!
You barely miss the skyshark. You headbutt the skyshark.
The skyshark is heavily wounded.
The skyshark bites you!
* * * LOW HITPOINT WARNING * * *
The skyshark tail-slaps you but does no damage.
The skyshark tail-slaps you.
* * * LOW HITPOINT WARNING * * *
You are too injured to fight recklessly!
You are too injured to fight recklessly!
You are too injured to fight recklessly!
You are too injured to fight recklessly!
You are too injured to fight recklessly!
You puncture the skyshark!
The skyshark looks as sick as possible!
You headbutt the skyshark.
The skyshark is severely wounded.
The skyshark bites you!
* * * LOW HITPOINT WARNING * * *
The skyshark barely misses you.
The skyshark tail-slaps you but does no damage.
Aiming: Throw Flame
Press: ? - help, Shift-Dir - straight line, f/p - skyshark
Aim: a skyshark (severely wounded, berserk, extremely poisoned, haloed, 85% to hit)
The puff of flame hits the skyshark.
The skyshark is severely wounded.
The skyshark bites you!!
* * * LOW HITPOINT WARNING * * *
You block the skyshark's attack. The skyshark completely misses you.
Aiming: Throw Flame
Press: ? - help, Shift-Dir - straight line, f/p - skyshark
Aim: a skyshark (severely wounded, berserk, extremely poisoned, haloed, 85% to hit)
The puff of flame hits the skyshark.
The skyshark is severely wounded.
The skyshark bites you.
* * * LOW HITPOINT WARNING * * *
The skyshark tail-slaps you but does no damage.
The skyshark closely misses you. The skyshark bites you!!
You die...

.. .. ... ... .
.. . .... .#
..## ..
....##.#.#.#>..
...............
...............
...............
.......@.......
.......l.......
...............
...............
...P.....#.....
...###..P#.....
... ..... ....
.. ....# ....


You could see a skyshark (berserk, extremely poisoned).

Vanquished Creatures
  A two-headed ogre (D:10)
  A catoblepas (Lair:1)
  A boulder beetle (D:9)
  Amaemon (D:8)
  Maurice (D:8)
  An elephant (D:9)
  An orange demon (D:8)
  A cane toad (Lair:2)
  2 komodo dragons
  A troll (D:9)
  A hornet (D:8)
  A shadow (D:10)
  18 yaks
  4 wraiths (D:9)
  A vampire (D:9)
  A basilisk (D:9)
  5 wyverns
  A steam dragon (Lair:2)
  Menkaure (D:4)
  3 water moccasins
  An acid dragon (D:9)
  7 orc warriors
  An ice beast (D:5)
  2 black bears
  A sky beast (D:7)
  12 wolves (Lair:1)
  3 ogres
  5 centaurs
  2 phantoms
  Blork the orc (D:4)
  9 bullfrogs
  2 kobold brigands (D:9)
  2 scorpions
  4 gnoll sergeants
  10 wights
  A killer bee (D:9)
  4 howler monkeys
  A hound (D:6)
  A jelly (D:5)
  2 gnoll boudas
  6 orc priests
  3 iguanas
  2 sleepcaps
  6 orc wizards
  17 gnolls
  6 adders
  A shadow imp (D:7)
  2 white imps
  3 ufetubi (D:6)
  2 worms
  2 dart slugs
  53 orcs
  4 bats
  9 endoplasms
  5 giant cockroaches
  3 goblins (D:2)
  6 hobgoblins
  6 jackals (D:1)
  3 kobolds (D:2)
  2 quokkas
  4 ball pythons
  2 frilled lizards
  8 rats
273 creatures vanquished.

Notes
Turn   | Place    | Note
-------+----------+-------------------------------------------
     0 | D:1      | ChronoRanger the Minotaur Fighter began the quest for the
                  | Orb.
     0 | D:1      | Reached XP level 1. HP: 19/19 MP: 0/0
    28 | D:1      | Reached XP level 2. HP: 27/27 MP: 1/1
   231 | D:1      | Reached skill level 3 in Polearms
   605 | D:1      | Reached XP level 3. HP: 32/33 MP: 2/2
   900 | D:2      | Found a faded altar of an unknown god.
  1036 | D:2      | Reached XP level 4. HP: 38/40 MP: 3/3
  1259 | D:2      | Reached skill level 4 in Polearms
  1509 | D:3      | Found Basoek's Weapon Boutique.
  1719 | D:3      | Reached XP level 5. HP: 28/47 MP: 4/4
  2232 | D:4      | Found a snail-covered altar of Cheibriados.
  2557 | D:4      | Noticed Menkaure
  2557 | D:4      | Noticed Blork the orc
  2570 | D:4      | Killed Menkaure
  2571 | D:4      | Reached skill level 5 in Fighting
  2571 | D:4      | Reached skill level 5 in Polearms
  2571 | D:4      | Reached skill level 5 in Shields
  2571 | D:4      | Reached XP level 6. HP: 40/56 MP: 5/5
  2664 | D:4      | Killed Blork the orc
  2665 | D:4      | Reached skill level 5 in Armour
  3058 | D:5      | Entered Level 5 of the Dungeon
  3086 | D:5      | Found a runed translucent door.
  3099 | D:5      | Reached skill level 6 in Polearms
  3116 | D:5      | Noticed tish's ghost (novice GnFi)
  3136 | D:5      | Reached XP level 7. HP: 61/61 MP: 6/6
  3517 | D:5      | Found a runed translucent door.
  3827 | D:5      | Reached skill level 7 in Polearms
  4100 | D:6      | Found a burning altar of Makhleb.
  4305 | D:6      | Reached XP level 8. HP: 68/70 MP: 7/7
  4990 | D:7      | Reached skill level 8 in Polearms
  5030 | D:7      | Identified the +1 scale mail of Kindness {Str+2}
  5261 | D:7      | Found a staircase to the Ecumenical Temple.
  5270 | Temple   | Entered the Ecumenical Temple
  5287 | Temple   | Became a worshipper of the Shining One
  5506 | D:7      | Reached skill level 9 in Polearms
  5793 | D:8      | Reached XP level 9. HP: 79/79 MP: 8/8
  5816 | D:8      | Noticed Maurice
  6290 | D:8      | Noticed Amaemon
  6293 | D:8      | Noticed an orange demon
  6296 | D:8      | Reached * piety under the Shining One
  6307 | D:8      | Killed Amaemon
  6308 | D:8      | Reached skill level 10 in Polearms
  6672 | D:8      | Maurice stole 326 gold
  6678 | D:8      | Killed Maurice
  6724 | D:8      | Reached skill level 11 in Polearms
  6733 | D:8      | Killed an orange demon
  6860 | D:8      | Reached XP level 10. HP: 73/89 MP: 6/9
  7409 | D:9      | Identified the "Sog Miy"
  7503 | D:9      | Noticed a boulder beetle
  7790 | D:9      | Found a staircase to the Lair.
  7790 | D:9      | Noticed an elephant
  7790 | D:9      | Reached ** piety under the Shining One
  7813 | D:9      | Killed an elephant
  7819 | D:9      | Reached skill level 12 in Polearms
  8043 | D:9      | Found a radiant altar of Vehumet.
  8774 | D:9      | Reached XP level 11. HP: 24/99 MP: 5/10
  8938 | D:9      | Reached skill level 13 in Polearms
  9047 | D:9      | Reached skill level 10 in Fighting
  9071 | D:9      | Reached *** piety under the Shining One
  9072 | D:9      | Reached skill level 10 in Armour
  9072 | D:9      | Reached skill level 10 in Shields
  9094 | D:9      | Killed a boulder beetle
  9269 | D:10     | Entered Level 10 of the Dungeon
  9605 | D:10     | Found a basalt altar of Yredelemnul.
  9859 | D:10     | Found a staircase to the Orcish Mines.
  9922 | D:10     | Found a sacrificial altar of Ru.
  9967 | D:10     | Noticed a two-headed ogre
  9977 | D:10     | Killed a two-headed ogre
  9978 | D:10     | Reached skill level 14 in Polearms
 10206 | D:10     | Found a shimmering blue altar of Sif Muna.
 10396 | Lair:1   | Entered Level 1 of the Lair of Beasts
 10872 | Lair:1   | Noticed a catoblepas
 10893 | Lair:1   | Killed a catoblepas
 11637 | Lair:2   | You fall into a shaft and drop 2 floors!
 11637 | Lair:4   | Noticed a skyshark
 11646 | Lair:4   | Mangled by a skyshark

Illustrated notes

Levels and vault maps discovered:
D:1:      mushboom_english_gardens, layout_basic
D:2:      layout_basic, hellmonk_ecumenical_altar_run_dry, kennysheep_doodads
D:3:      layout_loops_ring, serial_shops, shop, chequers_serial_rivers_large_a
D:4:      layout_gridville, kennysheep_mini_moat, uniq_menkaure,
          uniq_blork_the_orc
D:5:      layout_basic, ebering_ghost_sewer_f
D:6:      layout_basic, mainiacjoe_overflow_small_starburst, st_stairs_10
D:7:      layout_basic, minmay_temple_entry_statues_pillars
D:8:      layout_loops_ring, special_room [special_room_orc], uniq_amaemon,
          uniq_maurice
D:9:      kennysheep_windowed_halls, layout_loops_ring, fiery_altar_vehumet,
          david_lair_generic, enter_bailey_2, grunt_ministairs_11,
          dreamdust_mushroom_princess
D:10:     layout_irregular_city, mainiacjoe_overflow_24_doors,
          nicolae_ru_sacrificial_ziggurat, yredelemnul_altar_generic,
          orc_0_dummy, serial_column_ruins, column_ruins_hut_water,
          column_ruins_circle_small, column_ruins_grid_1,
          column_ruins_open_small, column_ruins_grid_3, column_ruins_grid_1,
          column_ruins_corridor_dead_end
Temple:   eino_temple_scatter_basement
Lair:1:   layout_chaotic_city
Lair:2:   layout_long_grid, nicolae_spider_entry_orb_guardian,
          serial_bayou_lagoon_b, infiniplex_staircase_pool_2
Lair:4:   layout_regular_city, basic_altar, lemuel_fruit_tree

Skill      XL: |  1  2  3  4  5  6  7  8  9 10 11 |
---------------+----------------------------------+-----
Polearms       | 3 4 5 6 7 9 11 12 14 | 14.0
Armour         | 4 5 6 7 8 9 11 | 11.3
Shields        | 4 5 6 7 8 9 11 | 11.2
Fighting       | 4 5 6 7 8 9 11 | 11.9
Dodging        | |  0.7

Action                     |  1- 3 |  4- 6 |  7- 9 | 10-12 || total
---------------------------+-------+-------+-------+-------++-------
  Melee: Trident           |   118 |   139 |   291 |   510 ||  1058
         Headbutt          |    15 |    15 |    36 |   106 ||   172
  Evoke: Wand              |       |       |       |     2 ||     2
    Use: Scroll            |       |    10 |     4 |     4 ||    18
         Potion            |       |     1 |     3 |       ||     4
 Armour: Scale mail        |    66 |    15 |       |       ||    81
         Plate armour      |       |    67 |   212 |   288 ||   567
  Dodge: Dodged            |    42 |    29 |    67 |    75 ||   213
  Block: Buckler           |    24 |    15 |    39 |    74 ||   152

Table legend: (Time is in decaauts)
 A = Elapsed time spent in this place.
 B = Non-inter-level travel time spent in this place.
 C = Inter-level travel time spent in this place.
 D = Time resting spent in this place.
 E = Time spent auto-exploring this place.
 F = Levels seen in this place.
 G = Mean time per level.
                   A        B        C        D        E       F      G
               +--------+--------+--------+--------+--------+-----+--------+
         Total |  11512 |  10984 |    528 |    845 |   8088 |  14 |  822.3 |
       Dungeon |  10271 |   9839 |    432 |    845 |   7103 |  10 | 1027.1 |
        Temple |     34 |      2 |     32 |      0 |      0 |   1 |   34.0 |
          Lair |   1206 |   1143 |     63 |      0 |    985 |   3 |  402.0 |
               +--------+--------+--------+--------+--------+-----+--------+

Top non-repeatable levels by time:
     D:9: 1855 daAuts
     D:7: 1281 daAuts
     D:8: 1189 daAuts
  Lair:1: 1106 daAuts
    D:10: 1051 daAuts
     D:5: 961 daAuts
     D:4: 852 daAuts
     D:6: 836 daAuts
     D:3: 787 daAuts
     D:2: 783 daAuts
     D:1: 672 daAuts
  Lair:2: 93 daAuts
  Temple: 34 daAuts
  Lair:4: 5 daAuts
